 Dungeon Crawl Stone Soup version 0.23-a0-436-g57debff (webtiles) character file.

1495 Lavandula the Martial Artist (level 8, -7/55 HPs)
             Began as an Octopode Hunter on Nov 16, 2018.
             Was an Initiate of Ru.
             Mangled by a centaur
             ... wielding a +0 halberd
              (11 damage)
             ... in a bailey on Nov 17, 2018.
             The game lasted 00:20:02 (3223 turns).

Lavandula the Martial Artist (Octopode Hunter)      Turns: 3223, Time: 00:20:03

Health: -7/55      AC:  1    Str: 13    XL:     8   Next: 81%
Magic:  7/7        EV: 15    Int: 11    God:    Ru [......]
Gold:   280        SH:  0    Dex: 13    Spells: 7/7 levels left

rFire    + . .     SeeInvis .     - Unarmed
rCold    . . .     Gourm    .   (no shield)
rNeg     . . .     Faith    .   (helmet restricted)
rPois    .         Spirit   .   f - amulet of magic regeneration
rElec    .         Reflect  .   a - ring of protection from fire
rCorr    .         Harm     .   (no ring)
MR       .....                  (no ring)
Stlth    +++.......             (no ring)
HPRegen  0.18/turn              (no ring)
MPRegen  0.35/turn              (no ring)
                                (no ring)
                                (no ring)

@: no status effects
A: almost no armour, stealthy swim, amphibious, 8 rings, constrict 8, camouflage
1, dopey 1, low mp 1, sense surroundings 1, robust 1, gelatinous body 1
a: Renounce Religion


You were in a bailey.
You worshipped Ru.
Ru was noncommittal.
You were not hungry.

You visited 2 branches of the dungeon, and saw 8 of its levels.
You also visited: Bailey.

You collected 280 gold pieces.

Inventory:

Hand Weapons
 g - a +1 spear
 u - a +0 blowgun
Missiles
 b - 4 tomahawks
 c - 3 throwing nets
 o - 5 javelins (quivered)
 p - 14 sling bullets
 v - 21 poisoned needles
Jewellery
 a - a ring of protection from fire (left tentacle)
 f - an amulet of magic regeneration (around mantle)
Wands
 s - a wand of polymorph (9)
 t - a wand of iceblast (3)
Scrolls
 e - a scroll of blinking
 h - a scroll of random uselessness
 j - 2 scrolls of fear
 k - 3 scrolls of teleportation
 l - a scroll of remove curse
 n - 2 scrolls of identify
 q - 4 scrolls of amnesia
Potions
 m - a potion of resistance
 r - a potion of cancellation
Comestibles
 d - 4 rations
 w - a chunk of flesh


   Skills:
 - Level 2.0 Fighting
 - Level 4.0 Throwing
 + Level 3.8 Dodging
 - Level 1.3 Stealth
 - Level 10.0 Unarmed Combat


You had 7 spell levels left.
You didn't know any spells.
Your spell library was empty.

Dungeon Overview and Level Annotations

Branches:
Dungeon (7/15)             Temple (1/1) D:5

Altars:
Ashenzari
Cheibriados
Dithmenos
Gozag
Hepliaklqana
Kikubaaqudgha
Makhleb
Nemelex Xobeh
Okawaru
Qazlal
Ru
Sif Muna
Trog
Uskayaw
Vehumet
Wu Jian
Xom
Zin
The Shining One

Shops:
D:6 *[


Innate Abilities, Weirdness & Mutations

You cannot wear most types of armour.
You are very stealthy in the water. (Stealth+)
You are amphibious.
You can wear up to eight rings at the same time.
You can use your tentacles to constrict eight enemies at once.
Your skin changes colour to match your surroundings (Stealth+).
Your magical capacity is low. (-10% MP)
Your rubbery body absorbs attacks. (AC +1, EV +1)
You are dopey. (Int -2)
You passively map a small area around you.
You are robust. (+10% HP)


Message History

Press: ? - help, Shift-Dir - straight line, f - orc
Aim: an orc, wielding a +0 trident and wearing a +0 ring mail
Okay, then.
You tentacle-slap the orc but do no damage.
You grab the orc. You squeeze the orc!
You kill the orc!
The orc closely misses you.
The centaur throws a javelin of returning.
The javelin of returning closely misses you.
The weapon returns to the centaur!
Evoke which item? (* to show all) (? for menu, Esc to quit)
Aiming: Iceblast
Press: ? - help, Shift-Dir - straight line, f - centaur
Aim: a centaur, wielding a +0 halberd and wearing a +0 chain mail The mass of ice explodes!
The iceblast engulfs the centaur.
The centaur is lightly wounded.
The orc barely misses you. The orc hits you with a +0 halberd.
* * * LOW HITPOINT WARNING * * *
The centaur hits you from afar with a +0 halberd!
You die...

* ≈ , , , , ,
####+########## ,
#≈...o........#####,
#≈...≈≈≈≈≈≈≈≈≈....##
##≈oo≈≈.......≈≈≈.⌠.#
#≈≈..@.≈≈≈≈≈≈≈..≈≈..#
#≈≈..)≈≈≈ooo..≈≈≈.≈≈.#
#≈≈⌠.c≈≈.o≈≈≈≈≈..≈≈.≈.##
#≈≈$.≈≈.≈≈≈...≈≈≈)≈.≈≈.#
#≈...≈.≈≈..⌠.⌠..≈o≈≈.≈.#
#≈.$.≈.....∩∩∩..≈)...≈.#
#≈$..≈.≈≈..⌠.⌠..≈.≈≈.≈.#
#≈≈$.≈≈.≈≈≈...≈≈≈.≈.≈≈.#
≈⌠..≈≈..≈≈≈≈≈..≈≈.≈.##


You could see a centaur and 7 orcs.

Vanquished Creatures
  Menkaure (D:5)
  Edmund (D:5)
  An ice beast (D:5)
  2 ogres
  2 centaurs
  A big kobold (D:7)
  A bullfrog (D:4)
  A scorpion (D:5)
  A wight (D:6)
  A crimson imp (D:6)
  4 hounds
  2 bullfrog skeletons (D:4)
  A jelly (D:5)
  3 orc wizards
  3 iguanas
  2 worker ants (D:5)
  A worker ant zombie (D:5)
  6 adders
  2 oozes
  An adder skeleton (D:6)
  3 worms
  A dart slug (D:1)
  5 leopard geckos
  12 orcs
  A ball python (D:4)
  4 giant cockroaches
  9 goblins
  2 jackals (D:3)
  11 kobolds
  2 quokkas
  3 bats
  4 frilled lizards
  A quokka skeleton (D:5)
  2 rats
97 creatures vanquished.

Notes
Turn   | Place    | Note
-------+----------+-------------------------------------------
     0 | D:1      | Lavandula the Octopode Hunter began the quest for the Orb.
     0 | D:1      | Reached XP level 1. HP: 14/14 MP: 1/1
    29 | D:1      | Reached skill level 1 in Unarmed Combat
   117 | D:1      | Reached XP level 2. HP: 6/19 MP: 2/2
   388 | D:1      | Reached skill level 2 in Unarmed Combat
   531 | D:2      | Found a snail-covered altar of Cheibriados.
   595 | D:2      | Reached XP level 3. HP: 10/24 MP: 3/3
   618 | D:2      | Reached skill level 3 in Unarmed Combat
   705 | D:2      | Reached XP level 4. HP: 12/29 MP: 4/4
  1158 | D:3      | Found a sparkling altar of Nemelex Xobeh.
  1182 | D:3      | Reached skill level 4 in Unarmed Combat
  1259 | D:5      | Entered Level 5 of the Dungeon
  1259 | D:5      | Noticed a centaur
  1338 | D:5      | Found a staircase to the Ecumenical Temple.
  1348 | Temple   | Entered the Ecumenical Temple
  1440 | Temple   | Became a worshipper of Ru the Awakened
  1487 | D:5      | Reached XP level 5. HP: 34/34 MP: 5/5
  1544 | D:5      | Reached skill level 5 in Unarmed Combat
  1973 | D:4      | Reached XP level 6. HP: 39/39 MP: 6/6
  1992 | D:4      | Reached skill level 6 in Unarmed Combat
  2217 | D:4      | Found a deep blue altar of Sif Muna.
  2309 | D:5      | Noticed Edmund
  2310 | D:5      | Noticed Menkaure
  2317 | D:5      | Reached XP level 7. HP: 20/45 MP: 7/7
  2400 | D:5      | Killed Edmund
  2400 | D:5      | Reached skill level 7 in Unarmed Combat
  2414 | D:5      | HP: 1/45 [Menkaure/nerve-wracking pain (5)]
  2427 | D:5      | Killed Menkaure
  2427 | D:5      | Reached skill level 8 in Unarmed Combat
  2475 | D:6      | Found Inacoack's General Store.
  2482 | D:5      | HP: 2/45 [wight/+5 hand axe of freezing (2)]
  2638 | D:5      | Reached XP level 8. HP: 15/50 MP: 8/8
  2643 | D:5      | Reached skill level 9 in Unarmed Combat
  2830 | D:6      | Found Zolityug's Armour Emporium.
  2838 | D:6      | Gained mutation: Your magical capacity is low. (-10% MP)
                  | [Ru sacrifice]
  2957 | D:7      | Reached skill level 10 in Unarmed Combat
  3032 | D:7      | Found a shadowy altar of Dithmenos.
  3047 | D:7      | Noticed a yak
  3125 | D:7      | Gained mutation: You are robust. (+10% HP) [potion of
                  | mutation]
  3125 | D:7      | Gained mutation: You are dopey. (Int -2) [potion of
                  | mutation]
  3125 | D:7      | Gained mutation: You passively map a small area around you.
                  | [potion of mutation]
  3156 | D:7      | Found a flagged portal.
  3190 | Bailey   | Entered a bailey
  3223 | Bailey   | Mangled by a centaur

Vault maps used:
D:1:      minmay_arrival_split_and_join
D:2:      yredelemnul_forgotten_temple_becter, cheibriados_altar_1
D:3:      nemelex_xobeh_ov_fountains_minmay
D:4:      tgw_sif, uniq_edmund
D:5:      temple_statues, first_ration, serial_glass, glass_columns_c,
          glass_columns_b, minmay_misc_feat_four_crosses, uniq_menkaure
D:6:      serial_shops, nicolae_shop_waterfront, shop, nicolae_shop_trees
D:7:      grunt_dithmenos_smoke_and_mirrors, enter_bailey_3
Temple:   regret_index_temple_sphere_string
Bailey:   bailey_polearm_flooded_kennysheep, bailey

Skill      XL: |  1  2  3  4  5  6  7  8 |
---------------+-------------------------+-----
Unarmed Combat | 1 2 3 4 5 6 8 10 | 10.0
Dodging        | 3 |  3.8
Fighting       | |  2.0
Throwing       | |  4.0
Stealth        | |  1.3

Action                   |  1- 3 |  4- 6 |  7- 9 || total
-------------------------+-------+-------+-------++-------
Melee: Unarmed           |    47 |    60 |    88 ||   195
       Constrict         |    12 |    14 |    17 ||    43
       Tentacles         |     5 |     9 |    12 ||    26
       Punch             |       |     1 |     3 ||     4
Throw: Javelin           |    22 |    52 |    22 ||    96
       Throwing net      |       |     1 |     1 ||     2
Invok: Sacrifice Essence |       |       |     1 ||     1
Evoke: Wand              |       |       |     1 ||     1
  Use: Potion            |     1 |       |     6 ||     7
       Scroll            |       |     7 |     7 ||    14
 Stab: Sleeping          |     2 |     5 |     1 ||     8
       Held in net/web   |       |       |     2 ||     2
  Eat: Chunk             |       |     1 |     3 ||     4
       Ration            |       |     1 |       ||     1
Armor: Skin              |     2 |     2 |     7 ||    11
Dodge: Dodged            |    32 |    31 |    41 ||   104

Table legend:
 A = Non-vault XP
 B = Vault XP
 C = Vault XP percentage of total XP
 D = Non-vault monster count
 E = Vault monster count
 F = Vault count percentage of total count
                 A         B        C        D         E       F
            +---------+---------+-------+---------+---------+-------
      Total |    1636 |     500 |  23.4 |      87 |      10 |  10.3
            +---------+---------+-------+---------+---------+-------
        D:1 |      25 |       0 |   0.0 |      11 |       0 |   0.0
        D:2 |      62 |       0 |   0.0 |      16 |       0 |   0.0
        D:3 |      13 |       0 |   0.0 |       6 |       0 |   0.0
        D:4 |     427 |      37 |   8.0 |      21 |       1 |   4.5
        D:5 |     662 |     341 |  34.0 |      17 |       2 |  10.5
        D:6 |     156 |       0 |   0.0 |       6 |       0 |   0.0
        D:7 |     291 |       8 |   2.7 |      10 |       4 |  28.6
     Bailey |       0 |     114 | 100.0 |       0 |       3 | 100.0
            +---------+---------+-------+---------+---------+-------
